[Event "Titled Tuesday Blitz October 11 Late 2022"]
[White "O`Gorman, Tom"]
[Black "Sai Krishna G V"]
[WhiteFideId "2508249"]
[BlackFideId "5028280"]
[WhiteElo "2546"]
[BlackElo "2713"]
[Result "1-0"]
[Round "06"]
[TimeControl "180+1"]
[Date "2022.10.12"]
[WhiteClock "0:01:03"]
[BlackClock "0:00:57"]

1. e4 g6 2. d4 Bg7 3. Nc3 c5 4. dxc5 Qa5 5. Bd2 Qxc5 6. Nd5 Nf6 7. Bb4 Qc6 8. Bb5 Nxd5 9. Bxc6 Nxb4 10. Ba4 Bxb2 11. Rb1 Bc3+ 12. Kf1 N8c6 13. Ne2 Bg7 14. a3 Na6 15. h4 h5 16. Qd5 Nc7 17. Qd2 Ne6 18. Rh3 Nc5 19. Bb5 Nxe4 20. Qf4 d5 21. Rd3 e6 22. f3 Nc5 23. Bxc6+ bxc6 24. Qd6 Nxd3 25. Qxc6+ Bd7 26. Qxa8+ Ke7 27. Qxa7 Ne5 28. Rb7 Rd8 29. a4 Nc6 30. Qb6 Kd6 31. Qc7+ Kc5 32. Rb5+ Kc4 33. Rb6 Kc5 34. Rxc6+ Bxc6 35. Qxd8 Bxa4 36. Qa5+ Bb5 37. Qc7+ Kb4 38. Qxf7 Bb2 39. Qxe6 d4 40. Qxg6 Ba4 41. Qd3 Bb5 42. Qb3+ Kc5 43. Qxb2 1-0


[Site "https://www.chess.com"]

[Event "Titled Tuesday Blitz October 11 Late 2022"]
[White "Onslow, Alfie"]
[Black "Remolar Gallen, Jose"]
[WhiteFideId "436976"]
[BlackFideId "2215187"]
[WhiteElo "2015"]
[BlackElo "2214"]
[Result "0-1"]
[Round "06"]
[TimeControl "180+1"]
[Date "2022.10.12"]
[WhiteClock "0:00:03"]
[BlackClock "0:00:15"]

1. e4 c5 2. Nc3 d6 3. d4 cxd4 4. Qxd4 Nc6 5. Qd2 g6 6. b3 Bh6 7. f4 Nf6 8. Bb2 e5 9. g3 O-O 10. O-O-O Nd4 11. Nge2 Bg4 12. Kb1 Re8 13. Bg2 Rc8 14. h3 Rxc3 15. Nxc3 Bxd1 16. Rxd1 Nh5 17. Qf2 Qa5 18. Nd5 Bg7 19. f5 Qd8 20. g4 Nf6 21. Ne3 Nd7 22. h4 g5 23. hxg5 Qxg5 24. Rh1 Qf4 25. Qh4 Qxe3 26. Qxh7+ Kf8 27. Bxd4 exd4 28. g5 Qxg5 29. Rh5 Qxg2 0-1


[Site "https://www.chess.com"]

[Event "Titled Tuesday Blitz October 11 Late 2022"]
[White "Osmonbekov, Talaibek"]
[Black "Tan, Ralph"]
[WhiteFideId "2017253"]
[BlackFideId "30966590"]
[WhiteElo "2135"]
[BlackElo "2059"]
[Result "0-1"]
[Round "06"]
[TimeControl "180+1"]
[Date "2022.10.12"]
[WhiteClock "0:00:51"]
[BlackClock "0:00:34"]

1. d4 Nf6 2. Bf4 g6 3. Nc3 d5 4. e3 Bg7 5. h4 c6 6. Nf3 O-O 7. Ne5 Nbd7 8. h5 Nxe5 9. dxe5 Ne4 10. Nxe4 dxe4 11. Qxd8 Rxd8 12. h6 Bh8 13. Bc4 a5 14. a4 Bf5 15. Ke2 Kf8 16. Rad1 f6 17. e6 b5 18. axb5 cxb5 19. Bxb5 Bxe6 20. Bc6 Rac8 21. Rxd8+ Rxd8 22. Bxe4 f5 23. Bd3 Bxb2 24. Rb1 Bc3 25. Rb7 Rd7 26. Rb8+ Kf7 27. Ra8 Bd5 28. Ra6 e5 29. Bg5 e4 30. Bb5 Rb7 31. Rf6+ Bxf6 32. Bxf6 Kxf6 33. c4 Bg8 34. Kd2 a4 35. Bxa4 Bxc4 36. Kc3 Bd3 37. f3 Rc7+ 38. Kd2 exf3 39. gxf3 Bc4 40. e4 fxe4 41. fxe4 Ke5 42. Ke3 Be6 43. Kd3 Ra7 44. Be8 Ra3+ 45. Kd2 Kxe4 46. Bxg6+ hxg6 47. h7 Rh3 48. h8=Q Rxh8 0-1


[Site "https://www.chess.com"]

[Event "Titled Tuesday Blitz October 11 Late 2022"]
[White "P., Komal Kishore"]
[Black "Yano, William Jorge Froes"]
[WhiteFideId "5016703"]
[BlackFideId "2112949"]
[WhiteElo "2115"]
[BlackElo "2122"]
[Result "1-0"]
[Round "06"]
[TimeControl "180+1"]
[Date "2022.10.12"]
[WhiteClock "0:00:12"]
[BlackClock "0:00:56"]

1. e4 e6 2. d4 d5 3. Nd2 h6 4. Bd3 Nf6 5. e5 Nfd7 6. c3 c5 7. Ndf3 Nc6 8. Ne2 a6 9. O-O g5 10. Re1 g4 11. Nd2 h5 12. Nf1 Qb6 13. Bb1 cxd4 14. cxd4 h4 15. a3 Be7 16. b4 Nf8 17. Be3 Bd7 18. Qd3 O-O-O 19. Nc3 Kb8 20. Na4 Nxe5 21. Nxb6 Nxd3 22. Bxd3 f5 23. Bf4+ Ka7 24. Nxd7 Rxd7 25. Rac1 Bf6 26. Be5 Bxe5 27. Rxe5 Re7 28. Rc8 f4 29. a4 b6 30. Rd8 Kb7 31. Rdxd5 Ng6 32. Bxg6 Rb8 33. Rd6 Rc8 34. Rexe6 Rg7 35. Rxb6+ Ka7 36. Be4 Rc1 37. Rb7+ Rxb7 38. Re8 Rxb4 39. a5 Rb7 40. Bxb7 Kxb7 41. Re4 g3 42. fxg3 hxg3 43. Rxf4 gxh2+ 44. Kxh2 Ra1 45. Rf5 Kc6 46. Ne3 Rc1 47. g4 Rc3 48. Re5 Kd6 49. g5 Kd7 50. g6 Rc6 51. Rg5 Rc8 52. g7 Rg8 53. Nf5 Ke6 54. Nh6 Rb8 55. g8=Q+ Rxg8 56. Rxg8 Kd6 57. Rg6+ Kd5 58. Rxa6 Kxd4 59. Rb6 Kc5 60. Rb1 Kc6 61. a6 Kc7 62. a7 Kd7 63. a8=Q Ke6 64. Qf3 Ke7 65. Re1+ Kd6 66. Qd3+ Kc5 67. Rc1+ Kb4 68. Qc3+ Ka4 69. Ra1+ Kb5 70. Rb1+ Ka4 71. Qa1# 1-0


[Site "https://www.chess.com"]

[Event "Titled Tuesday Blitz October 11 Late 2022"]
[White "Pakleza, Zbigniew"]
[Black "Jacobson, Brandon"]
[WhiteFideId "1119290"]
[BlackFideId "30901561"]
[WhiteElo "2411"]
[BlackElo "2451"]
[Result "1-0"]
[Round "06"]
[TimeControl "180+1"]
[Date "2022.10.11"]
[WhiteClock "0:00:11"]
[BlackClock "0:00:01"]

1. d4 Nf6 2. Nf3 g6 3. Bf4 Bg7 4. e3 O-O 5. Be2 c5 6. c3 Qb6 7. Qb3 d6 8. Nbd2 Be6 9. Bc4 Bxc4 10. Nxc4 Qc6 11. a4 Nbd7 12. O-O Rfc8 13. Nfd2 b6 14. h3 a6 15. Rfd1 Nd5 16. Bg3 Rcb8 17. e4 N5f6 18. e5 Nh5 19. Bh2 b5 20. axb5 axb5 21. Rxa8 Rxa8 22. Na3 dxe5 23. dxe5 Bxe5 24. Qxb5 Bxh2+ 25. Kxh2 Qd6+ 26. g3 Ne5 27. Qe2 Qb8 28. Ndc4 Nxc4 29. Nxc4 e6 30. Rd7 Nf6 31. Rd2 Nd5 32. Qf3 Ra2 33. h4 Qb3 34. Ne5 1-0


[Site "https://www.chess.com"]

[Event "Titled Tuesday Blitz October 11 Late 2022"]
[White "Pinheiro, Iung Alicio de O."]
[Black "Melkumyan, Hrant"]
[WhiteFideId "2104350"]
[BlackFideId "13302485"]
[WhiteElo "2283"]
[BlackElo "2604"]
[Result "0-1"]
[Round "06"]
[TimeControl "180+1"]
[Date "2022.10.11"]
[WhiteClock "0:00:10"]
[BlackClock "0:00:05"]

1. e4 c6 2. Nc3 d5 3. Nf3 Bg4 4. h3 Bxf3 5. Qxf3 e6 6. d4 Nf6 7. Bd3 dxe4 8. Nxe4 Nbd7 9. O-O Nxe4 10. Qxe4 Nf6 11. Qe3 Bd6 12. b3 O-O 13. Bb2 Re8 14. c4 Bf8 15. Rad1 g6 16. Be2 Bg7 17. Rd3 Qa5 18. a3 Rad8 19. Rfd1 Qb6 20. Bf1 Nd7 21. g3 Qc7 22. Qd2 Nb6 23. Bg2 Nc8 24. h4 Nd6 25. h5 Nf5 26. hxg6 hxg6 27. Be4 Nd6 28. Bf3 Qe7 29. Kg2 Nf5 30. Qf4 Rd7 31. Be4 Red8 32. Bxf5 exf5 33. Ba1 Qe4+ 34. Qf3 Bf6 35. b4 a6 36. Re3 Qxf3+ 37. Kxf3 Kg7 38. Red3 b5 39. cxb5 cxb5 40. Ke3 Re8+ 41. Kd2 f4 42. gxf4 Re4 43. d5 Rxf4 44. Bxf6+ Kxf6 45. Ke3 Ke5 46. d6 Re4+ 47. Kf3 Rc4 48. Rd5+ Ke6 49. R5d3 Rc6 50. Re1+ Kf6 51. Red1 Kf5 52. Kg3 f6 53. Kf3 g5 54. Kg3 Rc4 55. f3 Rc6 56. R1d2 Rc1 57. Rd5+ Ke6 58. R5d3 Re1 59. Kf2 Re5 60. Rd4 Kf5 61. R4d3 Re8 62. Rd5+ Ke6 63. R5d3 Rc8 64. Kg3 Rc1 65. Re2+ Kf7 66. Red2 Rc6 67. Kf2 Rc4 68. Kg3 f5 69. Kf2 Ke6 70. Re2+ Kf6 71. Red2 Rh4 72. Kg3 Rh1 73. Kg2 Re1 74. Kf2 Re6 75. Kg2 f4 76. Kf2 Re5 77. Kg2 Re8 78. Kf2 Rh8 79. Kg2 Rh6 80. Re2 Kf7 81. Red2 Re6 82. Kh3 Rh6+ 83. Kg2 Ke8 84. Re2+ Kd8 85. Red2 Rdh7 86. Rd5 Rh1 0-1


[Site "https://www.chess.com"]

[Event "Titled Tuesday Blitz October 11 Late 2022"]
[White "Poltorak, Sebastian"]
[Black "Baltaci, Ismail Tarik"]
[WhiteFideId "1199498"]
[BlackFideId "6365213"]
[WhiteElo "2232"]
[BlackElo "2353"]
[Result "1-0"]
[Round "06"]
[TimeControl "180+1"]
[Date "2022.10.12"]
[WhiteClock "0:01:18"]
[BlackClock "0:00:08"]

1. e4 c5 2. Nf3 Nc6 3. Bb5 g6 4. O-O Bg7 5. c3 Nf6 6. Re1 O-O 7. d4 cxd4 8. cxd4 d5 9. e5 Ne4 10. Nc3 Nxc3 11. bxc3 Qb6 12. Rb1 a6 13. Bd3 Qc7 14. Bf4 Bg4 15. h3 Bxf3 16. Qxf3 e6 17. Bg5 b5 18. h4 h6 19. Bf6 Ne7 20. h5 Nf5 21. Bxf5 Bxf6 22. exf6 gxf5 23. Re5 Kh7 24. Qf4 Rg8 25. Rbe1 Rg4 26. Qf3 Rag8 27. g3 f4 28. Qd3+ Kh8 29. Kg2 fxg3 30. f3 R4g5 31. f4 Rg4 32. f5 exf5 33. Qxf5 1-0


[Site "https://www.chess.com"]

[Event "Titled Tuesday Blitz October 11 Late 2022"]
[White "Potula, Kapish"]
[Black "Buchenau, Frank"]
[WhiteFideId "30903270"]
[BlackFideId "4604350"]
[WhiteElo "1980"]
[BlackElo "2157"]
[Result "1-0"]
[Round "06"]
[TimeControl "180+1"]
[Date "2022.10.12"]
[WhiteClock "0:02:52"]
[BlackClock "0:02:44"]

1. d4 e6 2. e3 Nf6 3. Bd3 b6 4. f4 Bb7 5. Nf3 c5 6. c3 Nc6 7. O-O d5 8. Nbd2 Be7 9. Ne5 O-O 10. Rf3 Ne8 11. Bxh7+ Kxh7 12. Rh3+ 1-0


[Site "https://www.chess.com"]

[Event "Titled Tuesday Blitz October 11 Late 2022"]
[White "Preotu, Razvan"]
[Black "Pert, Richard G"]
[WhiteFideId "2613280"]
[BlackFideId "404748"]
[WhiteElo "2710"]
[BlackElo "2541"]
[Result "0-1"]
[Round "06"]
[TimeControl "180+1"]
[Date "2022.10.12"]
[WhiteClock "0:00:02"]
[BlackClock "0:00:08"]

1. e4 c5 2. Nf3 d6 3. d4 cxd4 4. Nxd4 Nf6 5. Nc3 g6 6. Be3 Bg7 7. f3 Nc6 8. Qd2 O-O 9. Bc4 Bd7 10. O-O-O Rc8 11. Bb3 Nxd4 12. Bxd4 b5 13. Nd5 Nxd5 14. Bxg7 Kxg7 15. exd5 a5 16. a3 b4 17. axb4 axb4 18. Qxb4 Kg8 19. Rhe1 Rc5 20. Re3 Qa8 21. Kd2 Rb8 22. Qd4 Rxb3 23. Rxb3 Rxd5 24. Rb8+ Qxb8 25. Qxd5 Qxb2 26. Qa8+ Kg7 27. Qa1 Qxa1 28. Rxa1 Be6 29. Ke3 h5 30. h4 Kf6 31. Ra5 Bf5 32. c3 e5 33. Ra6 Ke7 34. Rb6 Be6 35. Kd3 d5 36. Ke3 Kf6 37. g3 g5 38. hxg5+ Kxg5 39. Rb8 f6 40. Rh8 Bf7 41. Kf2 Kf5 42. Rf8 Ke6 43. Ke3 Bg6 44. g4 hxg4 45. fxg4 f5 46. g5 f4+ 47. Kf3 Bh5+ 48. Kg2 Ke7 49. Rf6 Bg4 50. Kf2 Bh5 51. Kg2 Bg4 52. Kh2 Be6 53. Rh6 Kf7 54. Kg2 Bg4 55. Kf2 Kg7 56. Rd6 e4 57. Rxd5 e3+ 58. Kg2 Kg6 59. Re5 f3+ 60. Kg3 f2 61. Kg2 Bh3+ 62. Kxh3 f1=Q+ 63. Kg3 e2 0-1


[Site "https://www.chess.com"]

[Event "Titled Tuesday Blitz October 11 Late 2022"]
[White "Prieto Aranguren, Alain"]
[Black "Krzywda, Andrzej"]
[WhiteFideId "2268906"]
[BlackFideId "1114565"]
[WhiteElo "2209"]
[BlackElo "2149"]
[Result "1/2-1/2"]
[Round "06"]
[TimeControl "180+1"]
[Date "2022.10.12"]
[WhiteClock "0:00:08"]
[BlackClock "0:00:06"]

1. e4 c5 2. Nf3 Nc6 3. c3 Nf6 4. Bc4 d5 5. exd5 Nxd5 6. O-O Bg4 7. Qb3 Bxf3 8. gxf3 e6 9. Qxb7 Rc8 10. Bb5 Qc7 11. Qxc7 Rxc7 12. Na3 Be7 13. Nc4 O-O 14. d3 Bf6 15. Bxc6 Rxc6 16. Be3 Rd8 17. Rfd1 g5 18. Kf1 Kg7 19. Ke2 h6 20. Rd2 Nb6 21. Rad1 Na4 22. h3 Rb8 23. f4 Nb6 24. fxg5 hxg5 25. Rg1 Kg6 26. h4 g4 27. Rxg4+ Kh5 28. Rf4 Nd5 29. Rf3 Rg8 30. Rd1 Rg4 31. Kd2 Rc8 32. Kc2 Rg2 33. Kb1 Rc7 34. Nd2 Rb7 35. Ne4 Nxc3+ 36. Nxc3 Bxc3 37. b3 f5 38. Rf4 Bb4 39. Rc4 Rb5 40. d4 cxd4 41. Rcxd4 Bc3 42. Rd7 a5 43. Rh7+ Kg6 44. Rh6+ Kg7 45. Rd7+ Kg8 46. Rxe6 Rb8 47. Ree7 a4 48. h5 axb3 49. axb3 Bf6 50. Rf7 Be5 51. h6 Rxb3+ 52. Kc2 Rc3+ 53. Kd2 Rc8 54. h7+ Kh8 55. Bd4 Bxd4 56. Rxd4 Rxf2+ 57. Ke3 Rh2 58. Kf4 Rxh7 59. Rxh7+ Kxh7 60. Kxf5 Kg7 61. Rd7+ Kf8 62. Rh7 Rc5+ 63. Ke6 Rc6+ 64. Ke5 Rc5+ 65. Kf6 Rc6+ 66. Ke5 Rc5+ 67. Kd6 Rc1 68. Ke6 Re1+ 69. Kf6 Rf1+ 70. Ke6 Re1+ 71. Kf6 Rf1+ 72. Ke6 Re1+ 1/2-1/2


[Site "https://www.chess.com"]

[Event "Titled Tuesday Blitz October 11 Late 2022"]
[White "Principe, Gerson"]
[Black "Baskakov, Egor"]
[WhiteFideId "3804550"]
[BlackFideId "24197866"]
[WhiteElo "2547"]
[BlackElo "2714"]
[Result "1-0"]
[Round "06"]
[TimeControl "180+1"]
[Date "2022.10.12"]
[WhiteClock "0:00:09"]
[BlackClock "0:00:11"]

1. Nf3 Nf6 2. b3 e6 3. Bb2 d5 4. e3 Be7 5. Be2 O-O 6. O-O c5 7. Ne5 Nbd7 8. f4 Nxe5 9. Bxe5 b6 10. d3 Bb7 11. Nd2 Nd7 12. Bb2 f5 13. Bf3 Bf6 14. Qc1 Qe7 15. c4 Rac8 16. Qc2 Rfe8 17. Rae1 Qd6 18. e4 fxe4 19. dxe4 Qxf4 20. exd5 Bd4+ 21. Kh1 Nf6 22. Bh5 Nxh5 23. Rxf4 Nxf4 24. Bxd4 cxd4 25. Qe4 exd5 26. Qxe8+ Rxe8 27. Rxe8+ Kf7 28. Rb8 Bc6 29. Rc8 Bd7 30. Rc7 Ke6 31. Rxa7 d3 32. g3 Bc6 33. Kg1 Nh3+ 34. Kf1 d4 35. Ra6 Be8 36. Rxb6+ Ke5 37. a4 Bh5 38. a5 Be2+ 39. Ke1 g5 40. a6 g4 41. a7 Ng5 42. a8=Q Nf3+ 43. Nxf3+ gxf3 44. Qa2 Ke4 45. Kf2 Bd1 46. Qd2 Bc2 47. Re6+ Kf5 48. Re8 1-0


[Site "https://www.chess.com"]

[Event "Titled Tuesday Blitz October 11 Late 2022"]
[White "Quesada Perez, Yuniesky"]
[Black "Andreikin, Dmitry"]
[WhiteFideId "3504409"]
[BlackFideId "4158814"]
[WhiteElo "2599"]
[BlackElo "2736"]
[Result "0-1"]
[Round "06"]
[TimeControl "180+1"]
[Date "2022.10.11"]
[WhiteClock "0:00:03"]
[BlackClock "0:00:31"]

1. e4 c5 2. Nf3 e6 3. d4 cxd4 4. Nxd4 Nc6 5. Nc3 Qc7 6. f4 a6 7. Nxc6 Qxc6 8. Bd3 b5 9. Qe2 Bb7 10. Bd2 Be7 11. a3 Rc8 12. O-O-O b4 13. axb4 Bxb4 14. Qg4 Bf8 15. f5 Nf6 16. Qh4 Qc7 17. g4 h5 18. g5 Ng4 19. g6 f6 20. fxe6 dxe6 21. Be2 Ne5 22. Bf4 Ba3 23. Qg3 Bxe4 24. Rhe1 Qxc3 25. Qxc3 Rxc3 26. Bb5+ axb5 27. Rxe4 Nxg6 28. Rxe6+ Kf7 29. Re4 Rhc8 30. Rd7+ Kg8 31. bxa3 Rxc2+ 32. Kb1 Nxf4 33. Rxf4 Rxh2 34. Re4 Rg2 0-1


[Site "https://www.chess.com"]

[Event "Titled Tuesday Blitz October 11 Late 2022"]
[White "Rasulov, Vugar"]
[Black "Fedoseev, Vladimir"]
[WhiteFideId "13402390"]
[BlackFideId "24130737"]
[WhiteElo "2509"]
[BlackElo "2726"]
[Result "0-1"]
[Round "06"]
[TimeControl "180+1"]
[Date "2022.10.11"]
[WhiteClock "0:00:02"]
[BlackClock "0:00:44"]

1. e4 c5 2. Nf3 Nc6 3. Bb5 g6 4. O-O Bg7 5. Re1 e5 6. Bxc6 dxc6 7. d3 Qe7 8. a4 f6 9. a5 Be6 10. Nc3 Nh6 11. b3 Nf7 12. Na4 b5 13. axb6 axb6 14. Ba3 Qb7 15. Bxc5 bxc5 16. Nxc5 Rxa1 17. Qxa1 Qe7 18. Qa8+ Nd8 19. d4 O-O 20. b4 Bg4 21. d5 cxd5 22. Qxd5+ Nf7 23. c4 Rd8 24. Qc6 Bf8 25. Ra1 Rb8 26. h3 Rxb4 27. hxg4 Qxc5 28. Qxf6 Rb2 29. Ne1 Rb6 30. Qf3 Qxc4 31. Nd3 Rb3 32. Rd1 Be7 33. g3 Kg7 34. Qe2 Ng5 35. f3 Ne6 36. Qa2 Nd4 37. Nxe5 Qc5 38. Nd3 Nxf3+ 39. Kg2 Rxd3 40. Rxd3 Ne1+ 41. Kh3 Nxd3 42. Qa1+ Bf6 43. Qa8 Nf2+ 44. Kg2 Nxg4 45. Qb7+ Kh6 46. Qd7 Qf2+ 47. Kh3 Ne5 48. Qe6 Qf1+ 49. Kh2 Nf3# 0-1


[Site "https://www.chess.com"]

[Event "Titled Tuesday Blitz October 11 Late 2022"]
[White "Reprintsev, Alexander"]
[Black "Kostiukov, Alexandr"]
[WhiteFideId "14100541"]
[BlackFideId "14108100"]
[WhiteElo "2230"]
[BlackElo "2202"]
[Result "0-1"]
[Round "06"]
[TimeControl "180+1"]
[Date "2022.10.12"]
[WhiteClock "0:00:02"]
[BlackClock "0:00:03"]

1. e4 c5 2. b3 g6 3. Bb2 Nf6 4. e5 Nd5 5. Nc3 Nxc3 6. dxc3 Nc6 7. Nf3 Bg7 8. Qd5 Qa5 9. b4 Qc7 10. Bc4 O-O 11. Qxc5 b6 12. Qe3 Nxe5 13. Nxe5 Bxe5 14. Bd5 Rb8 15. h4 e6 16. Bf3 d5 17. h5 Bg7 18. hxg6 hxg6 19. O-O-O a5 20. b5 Qc4 21. Be2 Qxa2 22. Qf4 Bd7 23. Rh4 a4 24. Qb4 a3 25. Qxa3 Qxa3 26. Bxa3 Rfc8 27. c4 Ra8 28. Bb2 Ra2 29. Bxg7 Kxg7 30. Rd2 Rc5 31. cxd5 exd5 32. Rb4 Bf5 33. Bd1 Kf6 34. f3 Ra5 35. Be2 Bd7 36. g3 Bxb5 37. Bxb5 Raxb5 38. Rbd4 Ke6 39. Kd1 Kd6 40. Ke2 Rc3 41. R4d3 Rbc5 42. Rxc3 Rxc3 43. Kf2 Kc5 44. Re2 Kd6 45. g4 b5 46. g5 b4 47. Kg3 Rc7 48. Kg4 Re7 49. Rd2 Re3 50. f4 Kc5 51. Rd1 Rc3 52. Rd2 d4 53. Re2 Kc4 54. Re7 Rxc2 55. Rxf7 b3 56. Rc7+ Kd3 57. Rb7 b2 58. f5 gxf5+ 59. Kxf5 Rf2+ 60. Ke5 Rg2 61. Kf4 Kc2 62. Rc7+ Kb1 63. Rd7 Kc1 64. Rc7+ Rc2 0-1


[Site "https://www.chess.com"]

[Event "Titled Tuesday Blitz October 11 Late 2022"]
[White "Reshetnikov, Alexey"]
[Black "Koellner, Ruben Gideon"]
[WhiteFideId "4162080"]
[BlackFideId "12993093"]
[WhiteElo "2502"]
[BlackElo "2303"]
[Result "1-0"]
[Round "06"]
[TimeControl "180+1"]
[Date "2022.10.11"]
[WhiteClock "0:00:30"]
[BlackClock "0:00:02"]

1. e4 d6 2. d4 Nf6 3. Nc3 e5 4. Nf3 Nbd7 5. Bc4 Be7 6. O-O c6 7. a4 h6 8. Re1 Qc7 9. a5 Nf8 10. h3 g5 11. d5 Ng6 12. Bb3 a6 13. Be3 c5 14. Na4 g4 15. Nb6 Rb8 16. Nxc8 Qxc8 17. hxg4 Qxg4 18. Nd2 Qh4 19. Ba4+ Kf8 20. Qf3 Ng4 21. Nc4 Rg8 22. Bd7 Qh2+ 23. Kf1 Nh4 24. Qh3 Nxe3+ 25. Nxe3 Qxh3 26. Bxh3 Bg5 27. Nc4 Ke7 28. Ra3 Ng6 29. g3 h5 30. Bf5 h4 31. Rb3 hxg3 32. fxg3 Rgd8 33. Kf2 Rh8 34. Kg2 Rhg8 35. Rh1 Rgd8 36. Rb6 1-0


[Site "https://www.chess.com"]

[Event "Titled Tuesday Blitz October 11 Late 2022"]
[White "Riehle, Marco"]
[Black "Hnydiuk, Aleksander"]
[WhiteFideId "12904392"]
[BlackFideId "1109057"]
[WhiteElo "2739"]
[BlackElo "2548"]
[Result "1-0"]
[Round "06"]
[TimeControl "180+1"]
[Date "2022.10.12"]
[WhiteClock "0:00:50"]
[BlackClock "0:00:32"]

1. e4 c6 2. c4 d5 3. cxd5 cxd5 4. exd5 Nf6 5. Nc3 g6 6. Nf3 Bg7 7. Bc4 O-O 8. O-O Nbd7 9. d3 Nb6 10. Qb3 Bg4 11. Ne5 Bf5 12. Re1 Rc8 13. Bg5 h6 14. Bh4 g5 15. Bg3 Nh5 16. a4 Nxg3 17. hxg3 Qd6 18. d4 a5 19. Rac1 Qb4 20. Na2 Qxa4 21. Qxb6 Bxe5 22. b3 Bc7 23. Qxh6 Qxa2 24. d6 Bxd6 25. Qxg5+ Kh8 26. Qxf5 e6 27. Qh5+ Kg7 28. Qg5+ 1-0


[Site "https://www.chess.com"]

[Event "Titled Tuesday Blitz October 11 Late 2022"]
[White "Roberson, Peter T"]
[Black "Goryachkina, Aleksandra"]
[WhiteFideId "412384"]
[BlackFideId "4147103"]
[WhiteElo "2509"]
[BlackElo "2682"]
[Result "0-1"]
[Round "06"]
[TimeControl "180+1"]
[Date "2022.10.12"]
[WhiteClock "0:01:49"]
[BlackClock "0:01:03"]

1. d4 d5 2. c4 dxc4 3. Nf3 Nf6 4. e3 e6 5. Bxc4 c5 6. O-O a6 7. b3 b6 8. Bb2 Bb7 9. Nbd2 Nbd7 10. Qe2 Be7 11. Rac1 O-O 12. Rfd1 b5 13. Bd3 Rc8 14. a4 bxa4 15. bxa4 Qa5 16. Nc4 Qc7 17. a5 Be4 18. dxc5 Bxd3 19. Rxd3 Nxc5 20. Nb6 Rcd8 21. Rxd8 Rxd8 22. Qxa6 Nxa6 23. Rxc7 Rd1+ 0-1


[Site "https://www.chess.com"]

[Event "Titled Tuesday Blitz October 11 Late 2022"]
[White "Rodrigue-Lemieux, Shawn"]
[Black "Ovezdurdyyeva, Jemal"]
[WhiteFideId "2620049"]
[BlackFideId "14001888"]
[WhiteElo "2382"]
[BlackElo "1961"]
[Result "1-0"]
[Round "06"]
[TimeControl "180+1"]
[Date "2022.10.12"]
[WhiteClock "0:00:31"]
[BlackClock "0:00:15"]

1. a3 Nf6 2. d3 e6 3. e4 d5 4. Qf3 dxe4 5. dxe4 Nc6 6. Bb5 Bd7 7. Bxc6 Bxc6 8. Nc3 Bc5 9. Bg5 h6 10. Rd1 Qe7 11. Be3 O-O 12. Nge2 a5 13. O-O b5 14. Nd4 Bxd4 15. Bxd4 e5 16. Be3 b4 17. axb4 axb4 18. Nd5 Nxd5 19. exd5 Bb7 20. Rfe1 e4 21. Qh5 Rad8 22. h3 f5 23. Bf4 Bxd5 24. Qe2 g5 25. Bc1 f4 26. Qh5 Rf6 27. b3 Qc5 28. Bb2 Rfd6 29. Be5 Re6 30. Rxe4 Qxc2 31. Ree1 Rxe5 32. Rxe5 c6 33. Rde1 Bf7 34. Qxh6 Qg6 35. Rxg5 1-0


[Site "https://www.chess.com"]

[Event "Titled Tuesday Blitz October 11 Late 2022"]
[White "Rodriguez Santiago, Jaime"]
[Black "Salman, Pavel"]
[WhiteFideId "3100898"]
[BlackFideId "24153753"]
[WhiteElo "2025"]
[BlackElo "2187"]
[Result "0-1"]
[Round "06"]
[TimeControl "180+1"]
[Date "2022.10.12"]
[WhiteClock "0:01:18"]
[BlackClock "0:01:48"]

1. c4 c5 2. Nc3 Nf6 3. g3 e6 4. Bg2 d5 5. cxd5 exd5 6. d4 cxd4 7. Qxd4 Nc6 8. Qd1 d4 9. Nb1 Bb4+ 10. Bd2 Qe7 11. Nf3 d3 12. e3 Ne4 13. O-O Nxd2 14. Nbxd2 O-O 15. a3 Ba5 16. b4 Bc7 17. Qb3 Rd8 18. Rac1 Be6 19. Qc3 Rac8 20. Qb2 h6 21. Rc5 Bb6 22. Rh5 a5 23. b5 Na7 24. Qe5 Rc5 0-1


[Site "https://www.chess.com"]

[Event "Titled Tuesday Blitz October 11 Late 2022"]
[White "Romero Ruscalleda, Josep"]
[Black "Garmash, Aliona"]
[WhiteFideId "2231859"]
[BlackFideId "34127620"]
[WhiteElo "2365"]
[BlackElo "1980"]
[Result "1-0"]
[Round "06"]
[TimeControl "180+1"]
[Date "2022.10.12"]
[WhiteClock "0:00:36"]
[BlackClock "0:00:12"]

1. e4 g6 2. d4 Bg7 3. Nc3 d6 4. Nf3 Nf6 5. Bg5 O-O 6. Qd2 c6 7. h4 b5 8. a3 Nbd7 9. e5 dxe5 10. dxe5 Ng4 11. h5 Ndxe5 12. Qxd8 Rxd8 13. hxg6 hxg6 14. Be2 Nxf3+ 15. Bxf3 Ne5 16. Be2 Bf5 17. Bxe7 Re8 18. Bc5 Bxc2 19. Kd2 Bf5 20. Rad1 a5 21. f4 Ng4 22. Bf3 Rec8 23. Rh4 Nf6 24. g4 Be6 25. f5 gxf5 26. gxf5 Bxf5 27. Rg1 Bg6 28. Kc1 Rab8 29. Rh2 b4 30. axb4 axb4 31. Na4 Rb5 32. Be2 Ra5 33. Bc4 Rxa4 34. Rxg6 Ra1+ 35. Kc2 Ne4 36. Rhg2 Nxc5 37. Rxg7+ Kf8 38. Rxf7+ Ke8 39. Rg8# 1-0


[Site "https://www.chess.com"]

[Event "Titled Tuesday Blitz October 11 Late 2022"]
[White "Rorrer, Grayson"]
[Black "Meduri, Aakaash"]
[WhiteFideId "30944996"]
[BlackFideId "2032252"]
[WhiteElo "2130"]
[BlackElo "2113"]
[Result "0-1"]
[Round "06"]
[TimeControl "180+1"]
[Date "2022.10.12"]
[WhiteClock "0:00:02"]
[BlackClock "0:00:27"]

1. e4 c5 2. Nf3 d6 3. d4 cxd4 4. Nxd4 g6 5. c4 Nc6 6. Be3 Bg7 7. Nc3 Nf6 8. Be2 a6 9. O-O O-O 10. h3 Bd7 11. Qc2 Rc8 12. f4 e6 13. Rad1 Qc7 14. Nxc6 Bxc6 15. Bd4 Rfd8 16. Qb3 b5 17. cxb5 axb5 18. Bxb5 Nxe4 19. Nxe4 Bxe4 20. Bxg7 Kxg7 21. Qe3 Bd5 22. a4 Qc2 23. Rd2 Qc7 24. b4 Rb8 25. Qd4+ Kg8 26. Rdd1 Qc2 27. Rd2 Qc7 28. Qb2 Qb6+ 29. Kh2 Qe3 30. Rd3 Qe4 31. Rd4 Qe3 32. Rd3 Qe4 33. f5 Rxb5 34. axb5 Qxd3 35. fxe6 Bxe6 36. Qf6 Rb8 37. Re1 Qd5 38. b6 Qf5 39. Qd4 Qd5 40. Qf6 Qf5 41. Qd4 d5 42. Qc5 Qf4+ 43. Kg1 Qd2 44. Qf2 Qxf2+ 45. Kxf2 Rxb6 0-1


[Site "https://www.chess.com"]

[Event "Titled Tuesday Blitz October 11 Late 2022"]
[White "Rosen, Eric"]
[Black "Chigaev, Maksim"]
[WhiteFideId "2032562"]
[BlackFideId "4108116"]
[WhiteElo "2362"]
[BlackElo "2537"]
[Result "0-1"]
[Round "06"]
[TimeControl "180+1"]
[Date "2022.10.11"]
[WhiteClock "0:00:02"]
[BlackClock "0:00:13"]

1. d4 Nf6 2. Bf4 d6 3. Nc3 Nbd7 4. Nf3 c5 5. d5 Qa5 6. Bd2 b5 7. a3 a6 8. e4 Qc7 9. Bf4 g6 10. Nd2 Bg7 11. Be2 O-O 12. O-O Rb8 13. h3 b4 14. axb4 cxb4 15. Na4 a5 16. Bd3 Ne5 17. Be2 e6 18. dxe6 Bxe6 19. Re1 Rbc8 20. Rc1 Qc6 21. b3 Nxe4 22. Nxe4 Qxe4 23. Bxe5 Bxe5 24. Ba6 Qf4 25. g3 Qf5 26. Bxc8 Rxc8 27. Nb6 Rc5 28. Qe2 Qxh3 29. Qf1 Qh5 30. Qg2 Bg4 31. Re3 Kg7 32. Nc4 Bd4 33. Rd3 d5 34. Rxd4 dxc4 35. Rxc4 Rxc4 36. bxc4 Bf3 37. Qh2 Qg5 38. Rf1 Be2 0-1


[Site "https://www.chess.com"]